 Dungeon Crawl Stone Soup version 0.30-a0-847-g17996783a1 (webtiles) character file.

Game seed: 1494162845496990701

3719 SkeletonJelly the Covert (level 9, -4/41 HPs)
             Began as a Spriggan Brigand on Mar 3, 2023.
             Was an Initiate of Dithmenos.
             Slain by Erica
             ... wielding a +4 scimitar of flaming
              (5 damage)
             ... on level 8 of the Dungeon.
             The game lasted 00:19:55 (6666 turns).

SkeletonJelly the Covert (Spriggan Brigand)         Turns: 6666, Time: 00:19:55

Health: -4/41      AC:  4    Str:  7    XL:     9   Next: 92%
Magic:  10/10      EV: 17    Int: 12    God:    Dithmenos [......]
Gold:   285        SH:  5    Dex: 27    Spells: 8/8 levels left

rFire   . . .      SeeInvis +    L - +2 dagger (venom)
rCold   . . .      Faith    .    (no shield)
rNeg    . . .      Spirit   .    u - +1 robe {Will+}
rPois   +          Reflect  +    (helmet restricted)
rElec   .          Rampage  .    c - +0 cloak
rCorr   .                        (gloves unavailable)
Will    ++...                    (boots unavailable)
Stlth   ++++++                   m - amulet of reflection
HPRegen 0.26/turn                B - +6 ring of dexterity
MPRegen 0.12/turn                o - ring of poison resistance

@: very quick
A: very small, no large weapons, unfitting armour, see invisible, speed 3
a: Renounce Religion


You were on level 8 of the Dungeon.
You worshipped Dithmenos.
Dithmenos was noncommittal.
You visited 2 branches of the dungeon, and saw 9 of its levels.

You collected 285 gold pieces.

Inventory:

Hand Weapons
 a - a +2 dagger
 e - a +0 dagger of electrocution
 L - a +2 dagger of venom (weapon)
Missiles
 d - 19 poisoned darts (quivered)
 s - a curare-tipped dart
Armour
 b - a +0 robe
 c - a +0 cloak (worn)
 u - a +1 robe of willpower (worn)
Jewellery
 g - a +4 ring of protection
 m - an amulet of reflection (around neck)
 o - a ring of poison resistance (right hand)
 y - a ring of wizardry
 B - a +6 ring of dexterity (left hand)
Wands
 E - a wand of flame (15)
 H - a wand of paralysis (12)
Scrolls
 f - 8 scrolls of teleportation {unknown}
 h - a scroll of silence {unknown}
 i - 4 scrolls of identify {unknown}
 k - 2 scrolls of noise {unknown}
 l - 2 scrolls of vulnerability {unknown}
 r - 2 scrolls of amnesia {unknown}
 t - a scroll of poison {unknown}
 v - 2 scrolls of blinking {unknown}
 w - 4 scrolls of fear {unknown}
 x - 2 scrolls of immolation {unknown}
 F - a scroll of torment {unknown}
 I - 2 scrolls of enchant weapon {unknown}
 K - a scroll of butterflies {unknown}
Potions
 j - 2 potions of resistance {unknown}
 n - 3 potions of curing
 p - 3 potions of haste
 q - 4 potions of heal wounds {unknown}
 z - a potion of attraction {unknown}
 A - a potion of mutation {unknown}
 C - 2 potions of degeneration {unknown}
 D - 5 potions of might {unknown}
 G - a potion of berserk rage {unknown}
 J - a potion of cancellation {unknown}


   Skills:
 - Level 1.5 Fighting
 * Level 12.8 Short Blades
 - Level 2.0 Throwing
 - Level 1.3 Dodging
 + Level 13.8 Stealth


You had 8 spell levels left.
You didn't know any spells.
Your spell library contained the following spells:

 Spells                   Type           Power      Damage    Failure   Level
 Sublimation of Blood     Necr           0%         N/A       45%         2
 Ozocubu's Armour         Ice            0%         N/A       69%         3
 Animate Dead             Necr           0%         N/A       97%         4
 Haunt                    Necr/Summ      0%         N/A       100%        7
 Ozocubu's Refrigeration  Ice            0%         4d7       100%        7


Dungeon Overview and Level Annotations

Branches:
Dungeon (8/15)             Temple (1/1) D:7
   Lair: D:8-11

Altars:
Ashenzari
Cheibriados
Dithmenos
Elyvilon
Fedhas
Gozag
Kikubaaqudgha
Makhleb
Nemelex Xobeh
Okawaru
Qazlal
Ru
Sif Muna
Trog
Uskayaw
Vehumet
Wu Jian
Xom
Yredelemnul
Zin

Shops:
D:1 =

Annotations:
D:2 Terence
D:3 2 runed translucent doors, Demosthentine's ghost, amateur DsGl
D:5 2 transporters, Nacht's ghost, novice DsNe
D:8 Erica


Innate Abilities, Weirdness & Mutations

You are very small and have problems with some larger weapons.
You are too small for most types of armour.
You have supernaturally acute eyesight. (SInv)
You cover ground extremely quickly. (Speed+++)


Message History

Done exploring.
Done exploring.
Done exploring.
Search for what [Enter for "."]? .
There is an open door here.
You open the door.
There is an open door here.
There is an open door here.
There is a staircase to the Ecumenical Temple here.
You climb downwards.
Welcome to the Ecumenical Temple!
Found five altars.
There is a staircase back to the Dungeon here.
Found a glowing silver altar of Zin.
Found a hide-covered altar of Uskayaw.
Found a blossoming altar of Fedhas.
You enter the shallow water.
Moving in this stuff is going to be slow.
Found a sparkling altar of Nemelex Xobeh.
Found a shadowy altar of Dithmenos.
Found a shimmering altar of Xom.
Found a shimmering blue altar of Sif Muna.
There is a shadowy altar of Dithmenos here.
Found an ancient bone altar of Kikubaaqudgha.
Found a sacrificial altar of Ru.
Found an opulent altar of Gozag.
You enter the shallow water.
Moving in this stuff is going to be slow.
Found a snail-covered altar of Cheibriados.
You enter the shallow water.
Moving in this stuff is going to be slow.
Found a white marble altar of Elyvilon.
Found a bloodstained altar of Trog.
Found a basalt altar of Yredelemnul.
You enter the shallow water.
Moving in this stuff is going to be slow.
You enter the shallow water.
Moving in this stuff is going to be slow.
Key pressed, stopping explore.
Found a broken altar of Ashenzari.
There is a sacrificial altar of Ru here.
You enter the shallow water.
Moving in this stuff is going to be slow.
There is a sacrificial altar of Ru here.
There is an opulent altar of Gozag here.
There is an iron altar of Okawaru here.
You enter the shallow water.
Moving in this stuff is going to be slow.
You enter the shallow water.
Moving in this stuff is going to be slow.
You enter the shallow water.
Moving in this stuff is going to be slow.
There is a hide-covered altar of Uskayaw here.
There is a shimmering altar of Xom here.
Done exploring.
There is a shadowy altar of Dithmenos here.
You kneel at the altar of Dithmenos.
Dithmenos welcomes you!
There is a staircase back to the Dungeon here.
You climb upwards.
Welcome back to the Dungeon!
There is a staircase to the Ecumenical Temple here.
Done exploring.
Done exploring.
Done exploring.
Done exploring.
Done exploring.
Search for what [Enter for "."]? .
There is a stone staircase leading down here.
You climb downwards.
Found a pair of boots.
There is a stone staircase leading up here.
Erica the Fiery-Tempered comes into view.
She is wielding a +4 scimitar of flaming.
Erica is nearby!
Erica is nearby!
Erica is nearby!
Erica is nearby!
You see here a +0 pair of boots.
Found a scroll labelled MOMIUL KYQ.
Erica shouts!
You puncture Erica!
Erica is poisoned.
Erica is lightly wounded.
Erica hits you with a +4 scimitar of flaming!
Erica burns you.
You take 14 damage, and have 27/41 hp.
MASSIVE DAMAGE!!
You hit Erica. You punch Erica, but do no damage.
Erica is moderately wounded.
You closely miss Erica.
Erica is moderately wounded.
Erica hits you with a +4 scimitar of flaming!
Erica burns you.
You take 14 damage, and have 14/41 hp.
MASSIVE DAMAGE!!
You are too injured to fight recklessly!
You are too injured to fight recklessly!
Aiming: Paralyse
Press: ? - help, Shift-Dir - straight line, f - Erica
Aim: Erica, wielding a +4 scimitar of flaming and wearing a +0 robe (lightly wounded, very poisoned, chance to affect: 17%) Erica resists with almost no effort.
Erica hits you with a +4 scimitar of flaming!
* * * LOW HITPOINT WARNING * * *
Erica burns you.
You die...

#..?... ...... .
..#.# .. # .#..
... +. #..##
....
##.##...##.....
#..##...@......
#......@.##..
##...#[.........
#.....###.##....
#.......### ...
#......## .
#.....## #.<.###
#..## ####


You could see Erica (very poisoned).

Vanquished Creatures
  Pikel (D:7)
  Joseph (D:7)
  A troll (D:7)
  Grinder (D:5)
  Sigmund (D:3)
  A steam dragon (D:6)
  Menkaure (D:6)
  Duvessa (D:6)
  3 ice beasts
  An orc warrior (D:6)
  A black bear (D:6)
  An ogre (D:4)
  A centaur (D:6)
  A phantom (D:6)
  2 kobold brigands (D:7)
  2 bullfrogs (D:7)
  A gnoll sergeant (D:5)
  Dowan (D:6)
  5 killer bees (D:7)
  4 hounds
  5 jellies
  3 orc priests
  An iguana (D:5)
  An orc wizard (D:4)
  8 gnolls
  10 adders
  3 ufetubi
  3 worms
  5 dart slugs
  22 orcs
  2 ball pythons (D:1)
  6 bats
  3 endoplasms
  6 giant cockroaches
  9 goblins
  16 hobgoblins
  4 jackals (D:2)
  10 kobolds
  3 quokkas
  13 frilled lizards
  4 rats
168 creatures vanquished.

Vanquished Creatures (others)
  2 fungi (D:3)
  10 plants
12 creatures vanquished.

Grand Total: 180 creatures vanquished

Notes
Turn   | Place    | Note
-------+----------+-------------------------------------------
     0 | D:1      | SkeletonJelly the Spriggan Brigand began the quest for the
                  | Orb.
     0 | D:1      | Reached XP level 1. HP: 10/10 MP: 2/2
   175 | D:1      | Reached skill level 6 in Stealth
   183 | D:1      | Found Retuff's Jewellery Shop.
   207 | D:1      | Reached XP level 2. HP: 14/14 MP: 3/3
   598 | D:1      | Reached XP level 3. HP: 18/18 MP: 4/4
   859 | D:2      | Noticed Terence
  1337 | D:2      | Reached XP level 4. HP: 22/22 MP: 5/5
  1705 | D:3      | Found a faded altar of an unknown god.
  1716 | D:3      | Reached skill level 7 in Stealth
  1809 | D:3      | Found a large runed translucent door.
  1809 | D:3      | Found a large runed translucent door.
  1814 | D:3      | Noticed Demosthentine's ghost (amateur DsGl)
  1859 | D:3      | Noticed Sigmund
  1911 | D:3      | Killed Sigmund
  1912 | D:3      | Reached skill level 5 in Short Blades
  1912 | D:3      | Reached skill level 8 in Stealth
  1912 | D:3      | Reached XP level 5. HP: 25/25 MP: 6/6
  1957 | D:3      | Reached XP level 6. HP: 27/30 MP: 7/7
  2939 | D:4      | Reached XP level 7. HP: 28/33 MP: 8/8
  3116 | D:4      | Reached skill level 9 in Stealth
  3272 | D:5      | Entered Level 5 of the Dungeon
  3285 | D:5      | Got Jowanu's Reference Book on the Grave
  3944 | D:5      | Noticed Grinder
  4103 | D:5      | Killed Grinder
  4104 | D:5      | Reached skill level 10 in Stealth
  4104 | D:5      | Reached XP level 8. HP: 37/37 MP: 9/9
  4144 | D:5      | Found a transporter.
  4146 | D:5      | Noticed Nacht's ghost (novice DsNe)
  4149 | D:5      | Found a transporter.
  4677 | D:6      | Reached skill level 11 in Stealth
  4752 | D:6      | Reached skill level 10 in Short Blades
  4862 | D:6      | Noticed Duvessa
  4862 | D:6      | Noticed Dowan
  4956 | D:6      | Noticed Menkaure
  4960 | D:6      | Killed Menkaure
  5055 | D:6      | Killed Dowan
  5150 | D:6      | Killed Duvessa
  5151 | D:6      | Reached XP level 9. HP: 41/41 MP: 10/10
  5178 | D:6      | Reached skill level 12 in Stealth
  5381 | D:7      | Noticed Joseph
  5388 | D:7      | Killed Joseph
  5424 | D:7      | Noticed a troll
  5545 | D:7      | Killed a troll
  5557 | D:7      | Reached skill level 13 in Stealth
  5747 | D:7      | Noticed Pikel
  5774 | D:7      | Killed Pikel
  5944 | D:7      | Found a staircase to the Ecumenical Temple.
  6458 | Temple   | Entered the Ecumenical Temple
  6613 | Temple   | Became a worshipper of Dithmenos the Shadowed
  6659 | D:8      | Noticed Erica
  6666 | D:8      | HP: 1/41 [Erica/+4 scimitar of flaming (13)]
  6666 | D:8      | Slain by Erica

Illustrated notes

Levels and vault maps discovered:
D:1:      dpeg_arrival_rooms_c, layout_basic, serial_shops,
          nicolae_shop_window_shopping, minmay_lizard_king
D:2:      minmay_recursive_quarters, layout_basic,
          amcnicky_mini_rare_corridor_liquid, grunt_decor_fettered,
          minmay_tetromino_l2, uniq_terence
D:3:      layout_loops_ring, ebering_ghost_disaster_area,
          shapermc_ecumenical_altar_mp_ritualfount, uniq_sigmund
D:4:      layout_basic, minmay_misc_feat_room, minmay_goblin_kobold_house
D:5:      layout_cave_pools, gammafunk_ghost_hive, uniq_grinder
D:6:      layout_basic, minivault_25, uniq_duvessa, uniq_menkaure
D:7:      layout_gridville, minmay_temple_entry_stoned_glass, st_stairs_2,
          uniq_joseph, uniq_pikel
D:8:      layout_cave_pools, gammafunk_temple_overflow_statue, serial_rivers,
          chequers_serial_rivers_large_b, chequers_serial_rivers_small_a,
          chequers_serial_rivers_room_a, chequers_serial_rivers_small_3,
          chequers_serial_rivers_micro_a, chequers_serial_rivers_small_b,
          serial_shops, nicolae_shop_behind_doors, uniq_erica, uniq_gastronok
Temple:   nicolae_temple_bog_church

Skill      XL: |  1  2  3  4  5  6  7  8  9 |
---------------+----------------------------+-----
Stealth        | 6 8 10 11 13 | 13.8
Short Blades   | 3 4 5 7 8 10 12 | 12.8
Fighting       | |  1.5
Throwing       | |  2.0
Dodging        | |  1.3

Action                     |  1- 3 |  4- 6 |  7- 9 || total
---------------------------+-------+-------+-------++-------
  Melee: Dagger            |   117 |   136 |   272 ||   525
         Punch             |       |     2 |     4 ||     6
  Throw: Dart              |       |    19 |    22 ||    41
  Evoke: Wand              |       |       |    24 ||    24
    Use: Potion            |       |       |     2 ||     2
   Stab: Sleeping          |    14 |     9 |    22 ||    45
         Distracted        |       |     1 |     1 ||     2
         Paralysed         |       |       |     3 ||     3
 Armour: Robe              |    12 |    11 |    13 ||    36
  Dodge: Dodged            |    70 |    51 |   112 ||   233
  Block: Other             |     4 |    15 |    31 ||    50
         Reflection        |       |     1 |     2 ||     3

Table legend: (Time is in decaauts)
 A = Elapsed time spent in this place.
 B = Non-inter-level travel time spent in this place.
 C = Inter-level travel time spent in this place.
 D = Time resting spent in this place.
 E = Time spent auto-exploring this place.
 F = Levels seen in this place.
 G = Mean time per level.
                   A        B        C        D        E       F      G
               +--------+--------+--------+--------+--------+-----+--------+
         Total |   4529 |   4214 |    315 |      7 |   3113 |   9 |  503.2 |
       Dungeon |   4414 |   4114 |    300 |      7 |   3025 |   8 |  551.8 |
        Temple |    115 |    101 |     14 |      0 |     88 |   1 |  115.0 |
               +--------+--------+--------+--------+--------+-----+--------+

Top non-repeatable levels by time:
     D:7: 739 daAuts
     D:5: 711 daAuts
     D:4: 657 daAuts
     D:6: 645 daAuts
     D:3: 606 daAuts
     D:2: 578 daAuts
     D:1: 468 daAuts
  Temple: 115 daAuts
     D:8: 7 daAuts
